 Dungeon Crawl Stone Soup version 0.26.1-2-gb8aa6d0cf2 (webtiles) character file.

Game seed: 17746003786827895048

10894 Marvel the Severer (level 11, -27/101 HPs)
             Began as a Minotaur Fighter on Feb 13, 2021.
             Was a High Priest of Okawaru.
             Annihilated by a boulder beetle (54 damage)
             ... on level 12 of the Dungeon.
             The game lasted 00:24:34 (12481 turns).

Marvel the Severer (Minotaur Fighter)              Turns: 12481, Time: 00:24:34

Health: -27/101    AC: 19    Str: 22    XL:     11   Next: 42%
Magic:  10/10      EV: 12    Int:  7    God:    Okawaru [*****.]
Gold:   437        SH:  0    Dex: 10    Spells: 10/10 levels left

rFire    + . .     SeeInvis .   C - +0 battleaxe
rCold    + . .     Faith    .   (shield currently unavailable)
rNeg     . . .     Spirit   .   v - +3 scale mail
rPois    .         Reflect  .   (helmet restricted)
rElec    .         Harm     .   I - scarf {rC+ rF+}
rCorr    +         Rampage  .   R - +2 pair of gloves "Vuxajut" {+Inv Str-2 Int+2}
Will     .....                  (no boots)
Stlth    ..........             (no amulet)
HPRegen  0.26/turn              u - +4 ring of protection
MPRegen  0.12/turn              F - ring of resist corrosion

@: no status effects
A: retaliatory headbutt, horns 2
a: Renounce Religion, Evoke Invisibility, Heroism, Finesse


You were on level 12 of the Dungeon.
You worshipped Okawaru.
Okawaru was extremely pleased with you.
You visited 2 branches of the dungeon, and saw 13 of its levels.

You collected 745 gold pieces.
You spent 308 gold pieces at shops.

Inventory:

Hand Weapons
 a - a +0 war axe
 C - a +0 battleaxe (weapon)
 S - a +3 vorpal arbalest
Missiles
 s - 52 poisoned darts (quivered)
Armour
 c - a +0 kite shield
 p - a +0 cloak
 v - a +3 scale mail (worn)
 I - a scarf of resistance (worn)
 R - the +2 pair of gloves "Vuxajut" (worn) {+Inv Str-2 Int+2}
   (You found it on level 11 of the Dungeon)

   It affects your strength (-2).
   It affects your intelligence (+2).
   It lets you turn invisible.
Jewellery
 g - an uncursed ring of protection from cold
 m - an uncursed ring of see invisible
 n - an uncursed ring of resist corrosion
 u - a +4 ring of protection (left hand)
 E - an uncursed ring of flight
 F - a ring of resist corrosion (right hand)
 M - an uncursed ring of protection from fire
Wands
 o - a wand of flame (17)
 q - a wand of paralysis (19)
 r - a wand of iceblast (9)
 D - a wand of random effects (36)
 O - a wand of digging (8)
Scrolls
 b - 2 scrolls of enchant armour {unknown}
 e - 12 scrolls of identify
 h - 4 scrolls of remove curse
 j - 3 scrolls of amnesia
 w - 9 scrolls of teleportation
 y - 3 scrolls of magic mapping {unknown}
 A - a scroll of fear
 G - a scroll of holy word {unknown}
 H - a scroll of blinking
 J - 2 scrolls of noise {unknown}
 K - a scroll of acquirement {unknown}
 P - a scroll of silence {unknown}
Potions
 d - 2 potions of might
 f - 3 potions of attraction {unknown}
 i - 4 potions of lignification
 k - 5 potions of haste
 l - 2 potions of mutation
 t - 2 potions of curing {unknown}
 x - 2 potions of flight
 z - a potion of ambrosia {unknown}
 B - 2 potions of degeneration {unknown}
 L - 2 potions of brilliance
 N - a potion of invisibility {unknown}
 Q - a potion of magic {unknown}


   Skills:
 + Level 10.4 Fighting
 + Level 15.3 Axes
 + Level 2.5 Throwing
 + Level 9.8 Armour
 - Level 4.3 Dodging
 - Level 3.6 Shields


You had 10 spell levels left.
You didn't know any spells.
Your spell library contained the following spells:

 Spells                   Type           Power        Failure   Level
 Confusing Touch          Hex            0%           97%         3
 Gell's Gravitas          Tloc           0%           97%         3
 Petrify                  Tmut/Erth      0%           100%        4
 Metabolic Englaciation   Hex/Ice        0%           100%        5
 Yara's Violent Unravell  Hex/Tmut       0%           100%        5


Dungeon Overview and Level Annotations

Branches:
Dungeon (12/15)            Temple (1/1) D:5            Lair (0/6) D:11
    Orc (0/2) D:12

Altars:
Ashenzari
Cheibriados
Dithmenos
Elyvilon
Fedhas
Gozag
Hepliaklqana
Kikubaaqudgha
Makhleb
Nemelex Xobeh
Okawaru
Qazlal
Ru
Sif Muna
Trog
Uskayaw
Vehumet
Wu Jian
Yredelemnul
Zin
The Shining One
Beogh

Shops:
D:8 !   D:10 *   D:11 =

Portals:
Trove: D:11 (give +4 ice dragon scales)


Innate Abilities, Weirdness & Mutations

You reflexively headbutt those who attack you in melee.
You have a pair of horns on your head.


Message History

Okawaru accepts your kill.
You slash the yak!
You kill the yak!
Okawaru accepts your kill.
You hit the yak but do no damage. You slash the water moccasin!
You kill the water moccasin!
Okawaru accepts your kill.
You barely miss the yak.
The yak is moderately wounded.
The yak gores you but does no damage.
The boulder beetle curls into a ball and begins rolling!
You slash the yak!
The yak is severely wounded.
The yak gores you but does no damage. The boulder beetle barely misses you.
The boulder beetle stops rolling and uncurls.
The boulder beetle curls into a ball and begins rolling!
The boulder beetle hits you!!!
Ouch! That really hurt!
You die...

..........:...........
......................
#.........#.........
#.........#.........
#...°..)).#.........
#...°8....#.......
####.○.####/......
##YB.##.........
#.@..........
#.....÷......
#.............
#......###.....
#...#..# #....
#......# .... ##....##
... ##...# ..


You could see a boulder beetle and a yak.

Vanquished Creatures
  A two-headed ogre (D:9)
  An unseen horror (D:11)
  Pikel (D:7)
  An ugly thing (D:12)
  3 trolls
  3 shadows (D:12)
  A wyvern (D:10)
  12 yaks
  A wraith (D:11)
  A warg (D:11)
  2 water moccasins
  4 ice beasts
  5 black bears
  5 orc warriors
  A phantom (D:8)
  A sky beast (D:2)
  6 necrophages
  2 ogres
  2 centaurs
  A lemure (D:7)
  A big kobold (D:9)
  2 bullfrogs
  2 scorpions
  4 killer bees (D:8)
  2 troll zombies (D:12)
  15 wights
  4 howler monkeys
  2 quasits (D:10)
  2 bullfrog skeletons
  9 orc priests
  Crazy Yiuf (D:2)
  4 hounds
  2 jellies
  17 orc wizards
  Ijyb (D:4)
  An iguana (D:10)
  8 worker ants
  2 killer bee zombies (D:8)
  6 ogre zombies (D:12)
  4 mummies (D:9)
  3 worker ant zombies
  8 gnolls
  11 adders
  3 shadow imps
  An adder zombie (D:9)
  An adder skeleton (D:3)
  A worm (D:3)
  2 dart slugs
  6 leopard geckos
  20 orcs
  9 bats
  5 giant cockroaches
  3 hobgoblins
  16 jackals
  12 kobolds
  3 quokkas
  5 frilled lizards
  6 goblins
  2 goblin skeletons (D:12)
  2 goblin zombies (D:12)
  2 hobgoblin skeletons (D:12)
  A jackal skeleton (D:4)
  2 orc skeletons (D:12)
  17 orc zombies (D:12)
  10 rats
  A spectral orc (D:4)
295 creatures vanquished.

Vanquished Creatures (others)
  A plant (D:11)
  2 withered plants (D:9)
3 creatures vanquished.

Grand Total: 298 creatures vanquished

Notes
Turn   | Place    | Note
-------+----------+-------------------------------------------
     0 | D:1      | Marvel the Minotaur Fighter began the quest for the Orb.
     0 | D:1      | Reached XP level 1. HP: 19/19 MP: 0/0
   160 | D:1      | Reached XP level 2. HP: 27/27 MP: 1/1
   279 | D:1      | Reached skill level 3 in Axes
   694 | D:2      | Reached XP level 3. HP: 33/33 MP: 2/2
   861 | D:2      | Found an opulent altar of Gozag.
   969 | D:2      | Noticed a sky beast
   982 | D:2      | Killed a sky beast
   983 | D:2      | Reached skill level 4 in Axes
   983 | D:2      | Reached skill level 1 in Dodging
   983 | D:2      | Reached XP level 4. HP: 30/41 MP: 3/3
   983 | D:2      | Reached XP level 5. HP: 34/47 MP: 4/4
  1185 | D:2      | Found an ancient bone altar of Kikubaaqudgha.
  1185 | D:2      | Found a white marble altar of Elyvilon.
  1193 | D:2      | Found a sparkling altar of Nemelex Xobeh.
  1195 | D:2      | Found a bloodstained altar of Trog.
  1197 | D:2      | Found a faded altar of an unknown god.
  1250 | D:2      | Found a runed translucent door.
  1251 | D:2      | Noticed Crazy Yiuf
  1613 | D:2      | Killed Crazy Yiuf
  1614 | D:2      | Reached skill level 5 in Axes
  1976 | D:3      | Reached skill level 5 in Armour
  2624 | D:3      | Reached XP level 6. HP: 53/53 MP: 5/5
  3275 | D:4      | Reached skill level 5 in Fighting
  3275 | D:4      | Reached skill level 6 in Axes
  3404 | D:4      | Noticed Ijyb
  3434 | D:4      | Killed Ijyb
  3712 | D:4      | Reached XP level 7. HP: 49/61 MP: 6/6
  4022 | D:4      | Found a basalt altar of Yredelemnul.
  4559 | D:5      | Entered Level 5 of the Dungeon
  4712 | D:5      | Reached skill level 7 in Axes
  5143 | D:5      | Reached skill level 8 in Axes
  5148 | D:5      | Found a staircase to the Ecumenical Temple.
  5173 | Temple   | Entered the Ecumenical Temple
  5196 | Temple   | Became a worshipper of Warmaster Okawaru
  5277 | D:5      | Found a shimmering blue altar of Sif Muna.
  5750 | D:6      | Reached XP level 8. HP: 70/70 MP: 7/7
  5957 | D:6      | Noticed a troll
  5965 | D:6      | Killed a troll
  5966 | D:6      | Reached skill level 9 in Axes
  6427 | D:6      | Reached * piety under Okawaru
  6693 | D:7      | Noticed Pikel
  6697 | D:7      | Killed Pikel
  6697 | D:7      | Reached ** piety under Okawaru
  6698 | D:7      | Reached skill level 10 in Axes
  6698 | D:7      | Reached XP level 9. HP: 64/78 MP: 8/8
  7076 | D:7      | Reached skill level 11 in Axes
  8005 | D:8      | Found a burning altar of Makhleb.
  8010 | D:8      | Noticed a balrug
  8016 | D:8      | Found a glowing silver altar of Zin.
  8016 | D:8      | Noticed an angel
  8068 | D:8      | Found Heogekh's Distillery.
  8074 | D:8      | Bought a potion of mutation for 88 gold pieces
  8074 | D:8      | Bought a potion of flight for 33 gold pieces
  8074 | D:8      | Bought a potion of haste for 110 gold pieces
  8074 | D:8      | Bought a potion of brilliance for 44 gold pieces
  8074 | D:8      | Bought a potion of lignification for 33 gold pieces
  8147 | D:8      | Reached skill level 12 in Axes
  8356 | D:8      | Reached *** piety under Okawaru
  8485 | D:9      | Reached skill level 1 in Throwing
  8820 | D:9      | Reached XP level 10. HP: 89/89 MP: 9/9
  8912 | D:9      | Found a roughly hewn altar of Beogh.
  9073 | D:9      | Found a snail-covered altar of Cheibriados.
  9074 | D:9      | Noticed a two-headed ogre
  9082 | D:9      | Killed a two-headed ogre
  9082 | D:9      | Reached **** piety under Okawaru
  9083 | D:9      | Reached skill level 13 in Axes
  9091 | D:9      | HP: 2/90 [troll (11)]
  9761 | D:10     | Entered Level 10 of the Dungeon
  9863 | D:10     | Found an opulent altar of Gozag.
  9863 | D:10     | Found Gozag's Platinum Reserve.
 10603 | D:11     | Found Iddeun's Jewellery Shoppe.
 10726 | D:11     | Reached ***** piety under Okawaru
 10729 | D:11     | Reached skill level 14 in Axes
 10880 | D:11     | Found a portal to a secret trove of treasure.
 11055 | D:11     | Got a pair of distressingly furry gloves
 11061 | D:11     | Identified the +2 pair of gloves "Vuxajut" {+Inv Str-2
                  | Int+2} (You found it on level 11 of the Dungeon)
 11180 | D:11     | Found a staircase to the Lair.
 11586 | D:11     | Reached XP level 11. HP: 84/99 MP: 10/10
 11654 | D:11     | Noticed an unseen horror
 11661 | D:11     | Killed an unseen horror
 12005 | D:12     | Found a staircase to the Orcish Mines.
 12026 | D:12     | Reached skill level 10 in Fighting
 12154 | D:12     | Noticed a green ugly thing
 12164 | D:12     | Killed a green ugly thing
 12292 | D:12     | Reached skill level 15 in Axes
 12452 | D:12     | Received a gift from Okawaru
 12457 | D:12     | Noticed a boulder beetle
 12481 | D:12     | Annihilated by a boulder beetle

Illustrated notes

Levels and vault maps discovered:
D:1:      co_arrival_square_in_a_square_in_a_square, layout_basic
D:2:      layout_loops_ring, nicolae_overflow_hidden_temple,
          chequers_temple_overflow_minitemple, cheibrodos_gnoll_hut,
          uniq_crazy_yiuf_cottage
D:3:      layout_basic
D:4:      layout_layer_cave, yredelemnul_forgotten_temple_becter,
          grunt_ministairs_5, uniq_ijyb
D:5:      layout_basic, lemuel_blue_sif_altar, minmay_temple_entry_offerings
D:6:      layout_cave_pods
D:7:      layout_rooms, kennysheep_generic_room_4, uniq_pikel
D:8:      layout_basic, grunt_temple_overflow_order_and_chaos_2, serial_shops,
          shop, minmay_crystal_water, kennysheep_generic_room_3
D:9:      layout_irregular_city, general_overflow_altar, serial_undead,
          serial_undead_c, serial_undead_f, serial_undead_f, serial_undead_c,
          serial_undead_e, serial_undead_e, david_defended_altar_orc
D:10:     minmay_flawed_box, layout_rooms, nicolae_gozag_zags_fifth_avenue
D:11:     layout_loops_cross, erik_lair_orcish_takeover,
          nicolae_trove_entry_diagonal, serial_shops, nicolae_shop_waterfront
D:12:     layout_layer_cave, zombieorc2_lemuel, basic_altar,
          kennysheep_four_rooms
Temple:   minmay_temple_bridge_abc

Skill      XL: |  1  2  3  4  5  6  7  8  9 10 11 |
---------------+----------------------------------+-----
Armour         | 4 5 6 7 8 9 |  9.8
Axes           | 3 4 5 6 8 10 12 14 15 | 15.3
Fighting       | 4 5 6 8 9 10 | 10.4
Dodging        | 1 2 3 4 |  4.3
Throwing       | 1 2 |  2.5
Shields        | |  3.6

Action                   |  1- 3 |  4- 6 |  7- 9 | 10-12 || total
-------------------------+-------+-------+-------+-------++-------
Melee: War axe           |    75 |   129 |    61 |       ||   265
       Headbutt          |    10 |    17 |    43 |    47 ||   117
       Battleaxe         |       |       |   198 |   243 ||   441
Throw: Dart              |       |     4 |     7 |    18 ||    29
Invok: Heroism           |       |       |       |     1 ||     1
  Use: Scroll            |       |       |     8 |     1 ||     9
       Potion            |       |       |       |     1 ||     1
Armor: Scale mail        |    39 |    42 |   158 |   165 ||   404
Dodge: Dodged            |    31 |    45 |   146 |   184 ||   406
Block: Kite shield       |    51 |    63 |    26 |       ||   140
